 Dungeon Crawl Stone Soup version 0.26.1 (webtiles) character file.

Game seed: 1269025128378334394

14 skwiii the Firebug (level 2, 0/15 HPs)
             Began as a Gargoyle Fire Elementalist on Feb 7, 2021.
             Slain by an adder (1 damage)
             ... on level 1 of the Dungeon.
             The game lasted 00:08:36 (1115 turns).

skwiii the Firebug (Gargoyle Fire Elementalist)     Turns: 1115, Time: 00:08:37

Health: 0/15       AC:  4    Str: 11    XL:     2   Next: 45%
Magic:  0/5        EV: 12    Int: 15    God:
Gold:   70         SH:  0    Dex: 10    Spells: 4/5 levels left

rFire    . . .     SeeInvis .   (no weapon)
rCold    . . .     Faith    .   (no shield)
rNeg     + . .     Spirit   .   a - +0 robe
rPois    ∞         Reflect  .   (no helmet)
rElec    +         Harm     .   (no cloak)
rCorr    .         Rampage  .   (no gloves)
Will     .....                  (no boots)
Stlth    ++........             (no amulet)
HPRegen  0.05/turn              (no ring)
MPRegen  0.09/turn              (no ring)

@: flying
A: negative energy resistance 1, electricity resistance, unbreathing,
petrification resistance, miasma immunity, AC +2
a: no special abilities


You were on level 1 of the Dungeon.
You visited 1 branch of the dungeon, and saw 2 of its levels.

You collected 70 gold pieces.

Inventory:

Armour
 a - a +0 robe (worn)
Jewellery
 e - an uncursed amulet of magic regeneration {unknown}
Scrolls
 b - a scroll of magic mapping {unknown}
 c - a scroll of enchant weapon
 d - a scroll of remove curse {unknown}
 f - a scroll of immolation {unknown}
 g - a scroll of identify {unknown}


   Skills:
 - Level 1.8 Dodging
 - Level 2.2 Stealth
 + Level 2.2 Spellcasting
 - Level 1.1 Conjurations
 * Level 3.4 Fire Magic


You had 4 spell levels left.
You knew the following spells:

 Your Spells              Type           Power        Failure   Level
a - Foxfire               Conj/Fire      32%          9%          1

Your spell library contained the following spells:

 Spells                   Type           Power        Failure   Level
 Conjure Flame            Conj/Fire      8%           26%         3
 Inner Flame              Hex/Fire       6%           32%         3
 Sticky Flame             Conj/Fire      8%           65%         4
 Fireball                 Conj/Fire      4%           94%         5


Dungeon Overview and Level Annotations

Branches:
Dungeon (2/15)

Altars:
Ashenzari

Annotations:
D:2 Robin


Innate Abilities, Weirdness & Mutations

You are resistant to torment.
Your stone body is resilient. (AC +2)
You are immune to poison.
You resist negative energy. (rN+)
You are resistant to electric shocks. (rElec)
You can survive without breathing.
You are immune to petrification.
You are immune to miasma.


Message History

You conjure some foxfire!
The adder bites you.
* * * LOW HITPOINT WARNING * * *
Your foxfire dissipates!
The adder bites you.
* * * LOW HITPOINT WARNING * * *
You don't have enough magic to cast that spell.
Unknown command.
It was a potion of flight.
You feel very buoyant.
You fly up into the air.
The adder bites you but does no damage. The adder closely misses you.
The adder bites you.
* * * LOW HITPOINT WARNING * * *
The adder misses you.
Casting: Foxfire (safe; 9% risk of failure)
Press: ? - help, Q - select action Dir - look around, f - activate You conjure some foxfire!
The adder closely misses you. The adder bites you.
You die...

##.##)# #.#.#
##..#.########.#.#
#..##..........#.#
.##.#..##.###..#.#
######....# #..#.#
####.###.##.#
#####.....##.#
#.....>..###v#
#.#####.## #@# #.#
### #S# #.# #.#
#.# #.# #.#######
#.# #.......# #.#
#######.# #.#
##.## #.#
##########...###.#


You could see an adder.

Vanquished Creatures
  A dart slug (D:1)
  A leopard gecko (D:1)
  4 hobgoblins (D:1)
  2 kobolds (D:1)
  A ball python (D:1)
  A frilled lizard (D:1)
10 creatures vanquished.

Vanquished Creatures (others)
  30 foxfires (D:1)
30 creatures vanquished.

Grand Total: 40 creatures vanquished

Notes
Turn   | Place    | Note
-------+----------+-------------------------------------------
     0 | D:1      | skwiii the Gargoyle Fire Elementalist began the quest for
                  | the Orb.
     0 | D:1      | Reached XP level 1. HP: 10/10 MP: 3/3
   531 | D:1      | Reached XP level 2. HP: 15/15 MP: 1/5
   542 | D:1      | Found a broken altar of Ashenzari.
  1049 | D:2      | Noticed Robin
  1115 | D:1      | Slain by an adder

Illustrated notes

Levels and vault maps discovered:
D:1:      dpeg_arrival_round_a, layout_loops_ring, evilmike_ruin_ashenzari
D:2:      layout_basic, minmay_tetromino_l2, uniq_robin, uniq_jessica,
          uniq_terence, uniq_crazy_yiuf_cottage

Action                   || total
-------------------------++-------
Melee: Unarmed           ||    14
 Cast: Foxfire           ||    25
  Use: Scroll            ||     1
       Potion            ||     1
Armor: Robe              ||    18
Dodge: Dodged            ||    41
